Map: Cryptic Fortress

Players

Hindulaatti

  • Race: Terran Terran
  • League: Diamond
  • Spawn Location: 6:00

pdc

  • Race: Terran Terran
  • Spawn Location: 5:00

GrafHomer

  • Race: Zerg Zerg
  • Spawn Location: 6:00

Juansew

  • Race: Protoss Protoss
  • Spawn Location: 7:00

EricCartman

  • Race: Zerg Zerg
  • League: Platinum
  • Spawn Location: 12:00

clubking

  • Race: Zerg Zerg
  • Spawn Location: 12:00

iddqd

  • Race: Protoss Protoss
  • League: Platinum
  • Spawn Location: 9:00

Atomic

  • Race: Zerg Zerg
  • Spawn Location: 3:00

VOD

Have the link to the VOD?

Description

Time

  • Played on: Jan. 9, 2016, 6:17 a.m.
  • Length: 16:15
Show
View Real Time Build Order
Export as new Build Order

Hindulaatti Terran 

Build Orders:  

Get SALT Encoding   

  12  0:02  SCV  
  13  0:14  SCV  
  14  0:23  Supply Depot  
  14  0:28  SCV  
  15  0:45  SCV, Barracks  
  16  0:56  Refinery  
  17  0:57  SCV  
  17  1:02  Refinery  
  17  1:09  SCV  
  18  1:21  SCV  
  19  1:34  Orbital Command  
  19  1:37  Supply Depot  
  19  1:42  Marine  
  20  1:53  Factory  
  20  2:00  SCV  
  20  2:01  Marine  
  22  2:05  Supply Depot  
  22  2:15  SCV  
  23  2:24  Marine  
  24  2:34  SCV  
  25  2:37  Command Center  
  25  2:46  SCV  
  25  2:47  Ghost Academy  
  25  2:51  Marine  
  27  3:00  SCV  
  28  3:08  Barracks  
  28  3:09  Barracks Tech Lab  
  28  3:16  SCV  
  28  3:31  Ghost  
  30  3:38  SCV, Factory Tech Lab  
  31  3:41  Nuke  
  31  3:54  SCV  
  31  3:55  Orbital Command  
  32  3:56  Barracks Tech Lab  
  32  4:08  Ghost  
  34  4:19  Orbital Command  
  34  4:28  Siege Tank  
  37  4:41  Ghost  
  39  4:49  SCV x2  
  41  4:59  Ghost  
  43  5:11  Siege Tank  
  46  5:19  SCV x2  
  48  5:21  Refinery  
  48  5:22  Refinery  
  48  5:24  Command Center  
  48  5:27  Supply Depot x2, Nuke  
  48  5:31  SCV x2  
  50  5:47  SCV  
  50  5:48  Siege Tank, SCV  
  55  5:59  SCV  
  55  6:03  Ghost  
  55  6:04  Ghost  
  58  6:08  SCV  
  61  6:11  SCV  
  60  6:32  Ghost x2  
  49  6:35  SCV  
  52  6:45  Personal Cloaking  
  53  6:47  SCV x2  
  53  6:51  Siege Tank  
  53  6:52  Orbital Command  
  55  7:00  Ghost  
  55  7:01  Ghost  
  57  7:07  Refinery  
  59  7:09  Refinery  
  59  7:20  Supply Depot  
  59  7:22  Supply Depot  
  59  7:25  Starport  
  59  7:28  SCV x3  
  59  7:29  Barracks, Ghost x2  
  64  7:36  Hellion  
  68  7:40  SCV x2  
  68  7:42  SCV  
  71  7:47  Liberator  
  71  7:48  Engineering Bay  
  71  7:52  SCV x2  
  71  7:57  Ghost  
  71  7:58  Ghost  
  59  8:01  Orbital Command  
  61  8:11  Orbital Command  
  44  8:20  Barracks Tech Lab  
  44  8:26  Ghost x2  
  37  8:30  Siege Tank  
  42  8:38  SCV x3  
  42  8:39  Liberator  
  39  8:41  Orbital Command  
  38  9:18  Marine  
  38  9:19  Marine x2  
  38  9:20  Siege Tank  
  39  9:33  SCV x2  
  39  9:36  Orbital Command  
  41  9:45  SCV  
  42  9:50  SCV  
  43  9:57  SCV  
  44  10:02  Marine x2, SCV  
  44  10:03  Marine  
  48  10:09  SCV  
  48  10:11  Refinery  
  49  10:15  SCV  
  49  10:16  Supply Depot  
  49  10:18  Supply Depot  
  50  10:30  Nuke  
  50  10:31  Marine  
  50  10:32  Marine x2  
  50  10:34  Medivac  
  56  10:35  SCV x2  
  56  10:36  Orbital Command  
  56  10:41  Refinery  
  57  10:57  Refinery, SCV x2  
  59  11:03  Marine, Siege Tank  
  59  11:04  Marine x2  
  64  11:09  SCV x2  
  67  11:12  SCV  
  68  11:21  SCV  
  68  11:23  Marine x3  
  72  11:29  SCV x2  
  72  11:31  Terran Infantry Weapons Level 1  
  74  11:33  SCV  
  74  11:35  Siege Tank, Armory  
  73  11:41  SCV x2  
  73  11:45  Missile Turret, SCV  
  76  11:47  Missile Turret x2  
  76  11:49  Missile Turret x2  
  76  11:50  Liberator  
  76  11:53  SCV  
  78  12:09  Marine  
  78  12:10  Marine x2  
  81  12:27  Marine, Ghost  
  84  12:33  Thor  
  84  12:34  Marine  
  91  12:45  Marine  
  92  12:52  Marine  
  92  12:55  Medivac  
  92  12:56  Ghost  
  97  13:03  Nuke, Marine  
  98  13:09  Marine  
  99  13:15  Barracks x2  
  99  13:17  Barracks x2  
  99  13:21  Marine  
  102  13:27  Marauder  
  102  13:28  Marauder, SCV x2  
  102  13:29  Medivac, SCV  
  94  13:39  Marine  
  94  13:40  SCV x2  
  86  13:48  Marine  
  87  13:49  Marine  
  88  14:03  Barracks Reactor  
  88  14:04  Combat Shields, Barracks Reactor  
  88  14:05  Stimpack  
  80  14:17  Missile Turret  
  80  14:29  Marauder x2  
  80  14:30  Marauder  
  86  14:31  Barracks Reactor x2  
  86  14:41  Marine x2  
  89  14:50  Marine x2  
  89  14:51  Marine  
  89  14:55  Barracks Reactor  
  89  14:59  Marine x2  
  91  15:01  Thor  
  91  15:02  Medivac x2  
  101  15:08  Marauder x2  
  101  15:09  Marauder  
  107  15:16  Marine  
  107  15:17  Marine  
  108  15:28  Marine x4  
  109  15:29  Marine x2  
  109  15:30  Marine  
  109  15:34  Marine  
  109  15:35  Marine  
  117  15:56  Command Center  
Show
View Real Time Build Order
Export as new Build Order

pdc Terran 

Build Orders: MMM Bio 

Get SALT Encoding   

  12  0:02  SCV  
  13  0:14  SCV  
  14  0:21  Supply Depot  
  14  0:26  SCV  
  15  0:29  Refinery  
  15  0:43  SCV  
  15  0:46  Barracks  
  16  0:55  SCV  
  17  1:08  Barracks  
  17  1:09  SCV  
  18  1:23  SCV  
  19  1:34  Supply Depot, Reaper  
  19  1:35  SCV  
  21  1:48  Orbital Command  
  21  1:53  Refinery  
  21  1:56  Reaper  
  22  2:06  Reaper  
  23  2:15  SCV  
  24  2:23  Barracks  
  24  2:28  Reaper  
  25  2:38  Reaper  
  25  2:42  SCV  
  27  3:00  Reaper  
  28  3:10  Reaper  
  28  3:32  Reaper  
  29  3:42  Reaper  
  27  3:51  Reaper  
  27  3:54  SCV  
  29  4:01  Command Center, Factory  
  29  4:04  Engineering Bay  
  29  4:06  SCV  
  29  4:12  Barracks Tech Lab  
  29  4:14  Marine  
  29  4:23  Marine  
  30  4:35  Marine  
  31  4:41  Supply Depot  
  31  4:56  Combat Shields  
  31  4:58  Barracks Reactor  
  31  5:03  Starport  
  31  5:13  Supply Depot  
  31  5:15  Orbital Command  
  31  5:18  Command Center  
  31  5:37  Marine x4  
  30  5:59  Orbital Command  
  30  6:01  Starport Reactor  
  30  6:02  Factory Tech Lab  
  30  6:03  SCV  
  31  6:05  Barracks Reactor  
  31  6:07  Terran Infantry Weapons Level 1  
  31  6:09  Engineering Bay  
  31  6:15  SCV  
  31  6:18  Marine  
  32  6:20  Stimpack  
  32  6:25  Refinery  
  33  6:28  Refinery, SCV x2  
  36  6:40  Missile Turret, SCV x2  
  36  6:42  Orbital Command  
  37  6:48  Marine  
  37  6:50  Medivac  
  37  6:51  Medivac  
  37  6:52  SCV  
  43  6:55  SCV  
  43  6:57  Marauder, Marine x3  
  49  7:02  Orbital Command  
  49  7:04  SCV  
  49  7:06  Supply Depot  
  50  7:15  Cyclone  
  53  7:18  SCV  
  53  7:19  Marauder, Marine x4  
  53  7:20  Medivac  
  62  7:25  Barracks  
  62  7:29  Barracks  
  62  7:31  SCV x2  
  62  7:35  SCV  
  65  7:38  Marine  
  65  7:40  Marauder  
  65  7:43  SCV  
  69  7:45  Medivac  
  69  7:50  Medivac  
  73  8:12  SCV x2  
  75  8:13  Marauder, Marine x3  
  75  8:14  Marine x2  
  82  8:21  SCV  
  82  8:24  SCV x2  
  85  8:36  Supply Depot  
  85  8:38  Supply Depot  
  85  8:43  Fusion Core  
  85  8:50  Refinery x2  
  85  8:52  Supply Depot  
  85  8:54  Supply Depot  
  85  8:58  Marine, SCV x3  
  89  9:07  Starport x2  
  89  9:08  Starport  
  89  9:10  SCV x3  
  92  9:22  SCV x3  
  95  9:34  SCV  
  96  9:51  Barracks Reactor x2  
  92  10:04  SCV  
  93  10:09  Starport Tech Lab x3  
  93  10:12  SCV x2  
  95  10:31  SCV  
  95  10:32  SCV x2  
  98  10:37  Supply Depot  
  98  10:38  Supply Depot  
  98  10:39  Battlecruiser  
  98  10:40  Battlecruiser x2  
  116  10:43  SCV  
  116  10:44  Supply Depot x2  
  117  10:58  Supply Depot  
  117  11:29  SCV x3  
  120  11:36  Supply Depot  
  120  11:38  Liberator x2, Supply Depot  
  120  11:44  Battlecruiser x3  
  144  12:04  Marauder, Marine x5  
  144  12:05  Marine  
  135  12:18  Marine x2  
  135  12:22  Marine x4  
  128  12:25  Marauder  
  128  12:26  Marine  
  128  12:27  Marine  
  102  12:36  Marine x2  
  88  12:39  Marine  
  88  12:40  Marine  
  84  12:47  Marauder  
  83  13:00  Liberator  
  83  13:01  Liberator  
  83  13:08  Marauder, Marine x5  
  96  13:24  Marine  
  96  13:26  Marine x2  
  99  13:27  Battlecruiser x2  
  99  13:30  Marauder  
  113  13:48  Marine x5  
  113  13:49  Starport  
  113  13:55  Orbital Command  
  118  14:06  Supply Depot  
  118  14:09  Supply Depot  
  118  14:27  Medivac x2, Marine x2  
  118  14:28  Marauder  
  121  14:31  Medivac x2  
  96  14:49  Marauder  
  81  15:11  Marauder  
  61  15:15  Marine x6  
  57  15:32  Marauder, Marine x2  
  57  15:33  Marine x4  
  74  15:37  Command Center  
  80  15:46  SCV  
  81  15:50  Marine x3  
  81  15:51  Marine x2  
  81  15:53  Marauder  
Show
View Real Time Build Order
Export as new Build Order

GrafHomer Zerg 

Build Orders: Hatch First 

Get SALT Encoding   

  12  0:01  Drone  
  13  0:08  Drone  
  14  0:23  Extractor  
  14  0:24  Extractor  
  14  0:25  Drone x2  
  16  0:44  Hatchery  
  15  0:51  Overlord  
  15  0:59  Extractor x2  
  15  1:00  Drone  
  16  1:12  Spawning Pool  
  16  1:15  Drone  
  16  1:17  Drone  
  17  1:21  Drone  
  18  1:25  Extractor  
  18  1:26  Drone  
  18  1:40  Drone  
  19  1:47  Drone  
  20  1:57  Drone  
  20  1:58  Queen  
  20  2:00  Drone  
  24  2:06  Queen  
  26  2:09  Drone  
  26  2:13  Drone  
  28  2:20  Overlord  
  28  2:30  Overlord  
  28  2:31  Metabolic Boost  
  28  2:42  Zergling x8  
  33  2:51  Zergling x2  
  33  2:55  Evolution Chamber  
  32  3:02  Spine Crawler x2  
  32  3:04  Drone, Spore Crawler  
  32  3:05  Drone x2  
  32  3:19  Zergling x12  
  38  3:21  Zergling x2  
  38  3:23  Zergling x2  
  40  3:30  Drone  
  39  3:45  Zergling x2  
  39  3:46  Zergling x4  
  39  3:49  Drone  
  39  3:54  Drone  
  41  3:56  Zerg Melee Weapons Level 1  
  41  3:57  Hatchery  
  39  4:03  Zergling x8  
  39  4:06  Zergling x2  
  39  4:08  Zergling x2  
  42  4:18  Spine Crawler  
  42  4:21  Zergling x4  
  37  4:38  Zergling x14  
  37  4:48  Drone x4  
  41  5:06  Zergling x6  
  42  5:22  Drone x7  
  42  5:24  Overlord x3  
  49  5:36  Lair  
  49  5:39  Extractor  
  49  5:41  Queen x2  
  52  5:52  Zergling x20  
  62  6:00  Drone x5  
  66  6:30  Drone  
  66  6:31  Drone x7  
  73  6:35  Drone  
  73  6:41  Roach Warren  
  73  6:45  Hydralisk Den  
  54  7:07  Extractor  
  54  7:08  Zergling x20  
  54  7:09  Zergling x4, Extractor  
  54  7:12  Zerg Missile Weapons Level 1  
  64  7:18  Evolution Chamber  
  63  7:26  Spine Crawler x2  
  63  7:27  Spine Crawler  
  63  7:28  Spine Crawler  
  59  7:31  Glial Reconstitution, Muscular Augments  
  59  7:33  Drone  
  59  7:34  Drone x5  
  65  7:37  Extractor  
  65  7:39  Extractor  
  63  7:49  Zerg Melee Weapons Level 2  
  63  7:52  Drone x6  
  63  7:53  Drone x5  
  74  8:02  Overlord x3  
  74  8:11  Roach  
  74  8:12  Roach  
  74  8:13  Overlord x3  
  71  8:27  Roach  
  71  8:28  Roach x2  
  77  8:34  Roach x3  
  79  8:48  Roach x3  
  84  8:52  Lurker Den  
  84  8:55  Roach x3  
  90  9:02  Hatchery  
  89  9:06  Hydralisk x7  
  105  9:10  Roach x2  
  105  9:12  Zergling x2  
  105  9:13  Zergling x4  
  110  9:24  Roach x3  
  116  9:30  Hydralisk  
  116  9:31  Hydralisk x2  
  115  10:00  Roach x3  
  119  10:36  Roach x4  
  119  10:38  Overlord x11  
  93  11:02  Roach  
  93  11:03  Roach x7  
  85  11:19  Zerg Missile Weapons Level 2  
  85  11:20  Zerg Ground Armor Level 1  
  85  11:23  Roach x3  
  85  11:24  Roach x2  
  95  11:35  Ravager  
  95  11:37  Overseer  
  98  11:40  Ravager x6  
  98  11:42  Roach  
  98  11:43  Roach x9  
  122  11:49  Spore Crawler  
  122  11:50  Spore Crawler  
  122  11:53  Spore Crawler  
  119  11:55  Spore Crawler x3  
  119  11:56  Drone x4  
  119  11:57  Spore Crawler  
  119  11:58  Spore Crawler  
  98  12:28  Roach  
  98  12:29  Roach x7  
  88  12:46  Overseer  
  77  12:54  Roach x3  
  48  13:32  Drone  
  48  13:33  Drone x4  
Show
View Real Time Build Order
Export as new Build Order

Juansew Protoss 

Build Orders:  

Get SALT Encoding   

  12  0:05  Probe (Chrono Boost)  
  13  0:16  Probe (Chrono Boost)  
  14  0:22  Pylon  
  14  0:26  Probe (Chrono Boost)  
  15  0:41  Probe (Chrono Boost)  
  15  0:42  Gateway  
  16  0:46  Assimilator  
  16  0:51  Probe (Chrono Boost)  
  17  1:02  Probe (Chrono Boost)  
  17  1:04  Gateway  
  18  1:13  Probe (Chrono Boost)  
  19  1:37  Zealot (Chrono Boost)  
  21  1:45  Probe (Chrono Boost)  
  22  1:56  Probe (Chrono Boost)  
  23  2:09  Probe (Chrono Boost)  
  23  2:18  Pylon  
  23  2:20  Probe (Chrono Boost)  
  23  2:36  Probe (Chrono Boost)  
  26  2:37  Zealot (Chrono Boost)  
  26  2:47  Probe (Chrono Boost)  
  26  2:49  Assimilator  
  27  2:53  Cybernetics Core  
  27  2:55  Zealot (Chrono Boost)  
  27  2:57  Probe  
  30  3:09  Probe  
  31  3:30  Warp Gate (Chrono Boost)  
  31  3:41  Pylon  
  31  3:49  Pylon  
  31  3:54  Gateway  
  31  3:55  Gateway  
  31  4:00  Mothership Core (Chrono Boost)  
  35  4:03  Stalker x2 (Chrono Boost)  
  37  4:20  Probe  
  38  4:35  Probe  
  39  4:58  Probe  
  40  5:15  Probe  
  40  5:18  Nexus  
  40  5:21  Assimilator  
  41  5:23  Stalker x2  
  41  5:24  Stalker  
  41  5:25  Assimilator  
  47  5:29  Pylon  
  47  5:34  Pylon  
  47  5:38  Pylon  
  47  5:44  Pylon  
  47  5:47  Probe  
  47  5:48  Robotics Facility  
  48  5:59  Stalker x2  
  38  6:50  Immortal  
  38  6:51  Probe  
  38  6:52  Probe  
  38  6:59  Robotics Facility  
  38  7:01  Probe  
  38  7:03  Stargate  
  38  7:04  Probe  
  40  7:11  Stalker x3  
  40  7:13  Stalker  
  40  7:14  Probe  
  49  7:27  Forge  
  49  7:29  Immortal (Chrono Boost)  
  53  7:34  Probe  
  53  7:35  Probe  
  55  7:46  Probe  
  55  7:47  Probe  
  55  7:48  Void Ray (Chrono Boost)  
  42  8:13  Stalker x3  
  48  8:25  Stalker  
  35  8:35  Probe x2  
  21  8:53  Stalker  
  17  9:22  Stalker  
  17  9:34  Probe  
  18  9:46  Probe  
  19  9:58  Probe  
  20  10:10  Probe  
  21  10:23  Probe  
  22  10:50  Nexus  
  22  10:57  Probe  
  23  11:15  Probe  
  24  11:24  Immortal  
  28  11:27  Probe  
  29  11:55  Stalker x2  
  29  11:59  Stalker  
  35  12:02  Probe  
  35  12:03  Probe  
  37  12:15  Probe  
  38  12:23  Pylon  
  38  12:26  Pylon, Probe  
  39  12:35  Probe  
  40  12:46  Phoenix (Chrono Boost)  
  42  13:01  Stalker x2  
  46  13:15  Phoenix (Chrono Boost)  
  34  13:48  Stalker x4  
  30  13:57  Mothership Core  
  24  14:11  Probe  
  23  14:18  Probe  
  23  14:21  Phoenix (Chrono Boost)  
  26  14:32  Probe  
  26  14:33  Probe  
  28  14:40  Stalker  
  30  14:59  Stalker  
  32  15:00  Stalker x2  
  36  15:24  Zealot x2  
Show
View Real Time Build Order
Export as new Build Order

EricCartman Zerg 

Build Orders: Hatch First, Lurkers 

Get SALT Encoding   

  12  0:01  Drone  
  13  0:14  Overlord  
  13  0:18  Drone  
  14  0:35  Drone x2  
  16  0:38  Drone  
  18  0:57  Drone  
  18  1:09  Hatchery  
  17  1:36  Overlord, Spawning Pool, Extractor  
  17  1:37  Drone x2  
  17  2:02  Hatchery  
  16  2:16  Drone x3  
  19  2:23  Drone  
  19  2:26  Queen x2  
  24  2:31  Drone  
  24  2:35  Drone  
  26  2:44  Drone  
  26  2:45  Drone  
  28  2:51  Metabolic Boost  
  28  2:53  Drone  
  28  2:54  Drone  
  30  3:02  Overlord  
  30  3:06  Drone  
  31  3:19  Drone x3  
  34  3:20  Queen  
  36  3:36  Drone x9  
  45  3:41  Lair  
  45  3:44  Extractor  
  45  3:47  Drone  
  45  3:48  Drone x4  
  49  3:51  Overlord  
  49  3:56  Roach Warren  
  49  4:00  Drone x2  
  50  4:11  Evolution Chamber  
  50  4:12  Evolution Chamber  
  50  4:13  Zergling x2  
  50  4:14  Zergling x14  
  56  4:19  Drone x2  
  56  4:23  Extractor  
  57  4:25  Drone, Extractor  
  57  4:43  Overseer  
  57  4:47  Extractor  
  57  4:48  Drone x3, Extractor  
  57  4:54  Drone  
  57  4:56  Overlord x5  
  58  5:00  Zerg Ground Armor Level 1, Zerg Missile Weapons Level 1  
  58  5:17  Roach  
  58  5:18  Roach x8  
  77  5:21  Drone x4  
  77  5:22  Drone  
  77  5:25  Glial Reconstitution  
  81  5:39  Drone x4  
  81  5:41  Hydralisk Den  
  80  5:53  Roach x9  
  95  6:00  Drone x2  
  95  6:02  Overlord x3  
  97  6:20  Overlord x3  
  97  6:24  Lurker Den  
  97  6:34  Roach  
  97  6:35  Roach x12  
  111  6:55  Overseer  
  111  6:56  Overseer  
  111  7:00  Roach x7  
  123  7:10  Zerg Ground Armor Level 2, Zerg Missile Weapons Level 2  
  123  7:12  Drone  
  123  7:13  Drone x2  
  126  7:35  Hatchery  
  125  7:37  Drone x3  
  125  7:38  Drone x7  
  113  8:06  Roach  
  113  8:07  Roach x10  
  133  8:37  Roach  
  133  8:38  Hydralisk x5  
  133  8:39  Hydralisk  
  129  8:59  Roach  
  129  9:05  Muscular Augments  
  125  9:11  Infestation Pit  
  112  9:37  Hydralisk x3  
  112  9:38  Hydralisk x12  
  140  9:50  Drone  
  140  9:51  Drone x2  
  140  9:52  Overlord x5  
  143  9:56  Hive  
  143  10:10  Overlord x4  
  143  10:15  Spore Crawler x2  
  141  10:26  Drone x4  
  141  10:27  Drone x11, Extractor x2  
  142  11:04  Roach  
  142  11:05  Roach x15  
  174  11:18  Zerg Ground Armor Level 3, Zerg Missile Weapons Level 3  
  174  11:31  Lurker x3  
  174  11:32  Lurker x4  
  181  11:33  Hydralisk  
  181  11:34  Hydralisk x8  
  188  12:19  Hydralisk  
  188  12:20  Hydralisk x9  
  190  12:33  Hydralisk x5  
  194  13:12  Hydralisk  
  194  13:13  Hydralisk x2  
  198  13:37  Hydralisk x3  
  174  14:09  Hydralisk  
  174  14:10  Hydralisk x11  
  196  14:29  Overseer x4  
  130  15:17  Hydralisk  
  130  15:18  Hydralisk x17  
  152  15:25  Extractor  
  143  15:35  Hydralisk  
  143  15:36  Hydralisk x5  
  155  15:47  Hydralisk x4  
  163  15:52  Lurker x2  
  163  15:53  Lurker x5  
Show
View Real Time Build Order
Export as new Build Order

clubking Zerg 

Build Orders: Pool First 

Get SALT Encoding   

  12  0:01  Drone  
  13  0:12  Overlord  
  13  0:21  Drone  
  14  0:38  Drone  
  14  0:39  Drone x2  
  17  0:46  Extractor  
  16  0:52  Drone, Spawning Pool  
  16  1:02  Drone  
  17  1:26  Hatchery  
  17  1:29  Overlord  
  16  1:39  Queen  
  18  1:48  Metabolic Boost  
  18  1:51  Zergling x2  
  19  2:05  Zergling x6  
  22  2:21  Zergling x2  
  23  2:35  Zergling x2  
  24  2:39  Zergling x2  
  24  2:40  Zergling x2  
  24  2:41  Queen  
  28  2:50  Zergling x2  
  28  2:51  Zergling x6  
  32  2:54  Zergling x2  
  31  3:54  Zergling x2  
  31  3:55  Zergling x8  
  36  3:59  Overlord x2  
  35  4:15  Overlord  
  35  4:30  Zergling x10  
  35  4:36  Zergling x8  
  35  4:37  Zergling x2  
  33  4:38  Zergling x2  
  31  4:55  Drone  
  31  4:56  Drone  
  33  5:06  Lair, Extractor  
  32  5:12  Drone x4  
  32  5:13  Drone x3  
  32  5:14  Drone  
  40  5:29  Drone  
  40  5:30  Drone x2  
  43  6:12  Zergling x6  
  43  6:13  Zergling x2  
  43  6:14  Zergling x6  
  43  6:15  Zergling x2  
  30  6:36  Zergling x4  
  30  6:39  Zergling x4  
  27  6:41  Zergling x2  
  27  6:42  Queen  
  30  6:47  Spine Crawler  
  30  6:49  Spore Crawler  
  30  6:51  Spore Crawler  
  30  6:53  Spine Crawler  
  26  6:57  Zergling x2  
  25  7:14  Zergling x4  
  25  7:15  Zergling x2  
  28  7:35  Hatchery  
  27  7:49  Drone x4  
  27  7:50  Drone x2  
  27  8:31  Drone x6  
  28  8:38  Spire  
  27  8:48  Drone  
  27  8:49  Drone  
  29  8:56  Drone  
  29  8:59  Drone  
  29  9:02  Drone x3  
  34  9:10  Drone  
  34  9:11  Drone  
  36  9:18  Drone x3  
  39  9:27  Drone, Extractor  
  39  9:28  Drone  
  39  9:29  Extractor  
  39  9:41  Drone  
  39  9:42  Drone x4  
  44  9:48  Hatchery  
  43  9:55  Zerg Flyer Armor Level 1  
  43  9:56  Mutalisk  
  43  9:57  Mutalisk x3  
  51  10:04  Overlord x2  
  51  10:14  Overlord x2  
  51  10:17  Extractor  
  50  10:24  Mutalisk  
  50  10:26  Mutalisk x3  
  58  10:30  Mutalisk  
  60  10:38  Mutalisk x2  
  64  10:56  Mutalisk x2  
  58  10:58  Mutalisk x3  
  58  11:01  Drone  
  69  11:11  Mutalisk x3  
  69  11:13  Mutalisk  
  69  11:16  Drone  
  78  11:28  Mutalisk x3  
  84  11:41  Queen  
  84  11:42  Drone x2  
  88  12:12  Zerg Flyer Armor Level 2  
  88  12:16  Mutalisk  
  88  12:18  Overlord x2  
  88  12:20  Overlord x3  
  90  12:35  Overseer, Pneumatized Carapace  
  90  12:36  Drone x3  
  93  12:40  Extractor  
  92  12:45  Queen  
  94  13:19  Infestation Pit  
  93  13:22  Spine Crawler, Spore Crawler  
  93  13:23  Mutalisk x2  
  93  13:24  Mutalisk x3  
  93  13:25  Mutalisk x3  
  93  13:26  Mutalisk x3  
  113  13:27  Mutalisk  
  113  13:52  Mutalisk  
  113  13:53  Mutalisk x3  
  113  13:54  Drone x3  
  113  13:55  Mutalisk  
  118  14:20  Hive  
  118  14:36  Spore Crawler  
  118  14:37  Spine Crawler  
  116  14:58  Mutalisk x3  
  116  14:59  Mutalisk x4  
  130  15:01  Overlord x2  
Show
View Real Time Build Order
Export as new Build Order

iddqd Protoss 

Build Orders:  

Get SALT Encoding   

  12  0:01  Probe (Chrono Boost)  
  13  0:11  Probe (Chrono Boost)  
  14  0:22  Probe (Chrono Boost)  
  14  0:24  Pylon  
  15  0:42  Probe (Chrono Boost)  
  16  0:44  Forge  
  16  0:55  Pylon, Probe (Chrono Boost)  
  17  1:05  Probe (Chrono Boost)  
  18  1:12  Pylon  
  18  1:16  Probe (Chrono Boost)  
  19  1:20  Pylon  
  19  1:27  Probe (Chrono Boost)  
  19  1:37  Probe (Chrono Boost)  
  19  1:39  Photon Cannon  
  20  1:48  Probe (Chrono Boost)  
  20  1:50  Photon Cannon  
  20  1:58  Probe (Chrono Boost)  
  21  2:09  Probe (Chrono Boost)  
  22  2:19  Probe (Chrono Boost)  
  23  2:30  Probe (Chrono Boost)  
  23  2:40  Probe (Chrono Boost), Photon Cannon  
  24  2:44  Pylon  
  24  2:51  Probe (Chrono Boost)  
  25  2:55  Photon Cannon  
  23  3:01  Probe (Chrono Boost)  
  23  3:05  Photon Cannon  
  24  3:12  Probe (Chrono Boost)  
  22  3:17  Photon Cannon  
  21  3:25  Photon Cannon  
  21  3:26  Probe (Chrono Boost)  
  21  3:33  Pylon  
  21  3:39  Probe (Chrono Boost)  
  22  3:43  Pylon  
  22  3:49  Probe (Chrono Boost)  
  23  4:00  Probe (Chrono Boost)  
  23  4:01  Photon Cannon  
  24  4:08  Pylon  
  24  4:11  Probe (Chrono Boost)  
  24  4:13  Photon Cannon  
  25  4:25  Photon Cannon  
  25  4:26  Probe (Chrono Boost)  
  25  4:29  Photon Cannon  
  26  4:31  Pylon  
  26  4:35  Photon Cannon  
  26  4:36  Probe (Chrono Boost)  
  27  4:39  Photon Cannon  
  27  4:47  Pylon, Probe (Chrono Boost)  
  28  4:54  Pylon  
  27  5:21  Assimilator  
  27  5:22  Assimilator  
  27  5:25  Pylon  
  27  5:27  Pylon  
  27  5:29  Pylon  
  27  5:43  Probe (Chrono Boost)  
  28  5:53  Probe (Chrono Boost)  
  29  5:57  Photon Cannon  
  29  5:59  Photon Cannon  
  29  6:01  Photon Cannon  
  29  6:06  Photon Cannon  
  29  6:13  Pylon  
  28  6:27  Photon Cannon  
  28  14:15  Nexus  
  28  14:34  Assimilator  
  28  14:35  Assimilator  
  28  14:52  Pylon  
  28  14:54  Pylon  
  28  15:15  Photon Cannon  
  28  15:17  Photon Cannon  
Show
View Real Time Build Order
Export as new Build Order

Atomic Zerg 

Build Orders: Pool First, Lurkers 

Get SALT Encoding   

  12  0:02  Drone  
  13  0:09  Drone  
  14  0:18  Overlord  
  14  0:39  Drone  
  14  0:40  Drone x2  
  17  0:48  Spawning Pool  
  16  0:51  Drone  
  17  1:03  Extractor  
  17  1:04  Drone  
  17  1:28  Hatchery  
  16  1:36  Drone  
  16  1:37  Drone x2  
  16  1:39  Queen  
  21  1:51  Overlord  
  21  2:11  Roach Warren  
  21  2:12  Drone, Overlord  
  21  2:34  Lair  
  21  2:38  Extractor  
  21  2:39  Drone x2  
  22  2:52  Roach x2  
  22  2:53  Roach x2  
  30  3:00  Queen  
  32  3:07  Drone  
  33  3:18  Drone  
  33  3:19  Roach x2  
  38  3:21  Drone  
  39  3:31  Drone  
  40  3:47  Glial Reconstitution  
  40  3:54  Drone x3  
  43  3:56  Overlord  
  43  3:59  Drone  
  43  4:00  Overlord  
  44  4:09  Burrow  
  36  4:40  Roach x8  
  48  4:56  Extractor  
  48  4:57  Drone  
  48  4:58  Drone x2, Extractor  
  49  5:18  Overlord  
  49  5:19  Roach x2  
  53  5:23  Overseer  
  53  5:25  Pneumatized Carapace  
  53  5:33  Hatchery  
  52  5:39  Drone x4  
  56  5:55  Tunneling Claws  
  56  5:59  Overseer  
  56  6:04  Drone x4  
  56  6:05  Drone x3  
  63  6:18  Roach  
  63  6:19  Roach  
  51  6:57  Drone  
  51  6:58  Drone x4  
  51  7:00  Roach  
  51  7:01  Roach x6  
  70  7:08  Evolution Chamber x2  
  68  7:11  Evolution Chamber  
  67  7:19  Hydralisk Den  
  67  7:21  Drone x4  
  70  7:26  Drone  
  71  7:38  Zerg Ground Armor Level 1, Zerg Melee Weapons Level 1, Zerg Missile Weapons Level 1  
  71  7:40  Roach  
  71  7:43  Zergling x2, Overlord  
  71  7:44  Overlord x5  
  74  7:47  Hatchery  
  73  8:00  Roach x10  
  73  8:02  Lurker Den  
  73  8:07  Hydralisk x8  
  73  8:08  Hydralisk x2  
  91  8:15  Roach x10  
  91  8:22  Roach x10  
  91  8:31  Roach x10  
  90  9:08  Hydralisk x8  
  90  9:09  Hydralisk x3  
  108  9:26  Roach x8  
  108  9:33  Muscular Augments  
  106  9:41  Zerg Melee Weapons Level 2, Zerg Missile Weapons Level 2  
  106  9:42  Zerg Ground Armor Level 2  
  84  10:00  Hydralisk x6  
  84  10:01  Hydralisk x3  
  102  10:09  Drone x3  
  103  10:17  Lurker  
  103  10:18  Lurker x3  
  107  10:27  Infestation Pit  
  106  10:42  Drone  
  106  10:57  Hatchery  
  106  11:02  Drone x2  
  105  11:05  Hive  
  109  11:18  Roach x4  
  109  11:19  Overlord x7, Roach  
  109  11:20  Overlord  
  115  11:30  Extractor  
  115  11:31  Extractor  
  113  11:37  Spire  
  64  12:55  Zerg Missile Weapons Level 3, Zerg Melee Weapons Level 3  
  64  12:56  Zerg Ground Armor Level 3  
  54  12:59  Ultralisk Cavern  
  54  13:03  Hydralisk x3  
  54  13:04  Hydralisk x8  
  54  13:05  Hydralisk x4  
  78  13:53  Chitinous Plating  
  78  13:56  Ultralisk x3  
  96  15:09  Ultralisk x5  
  126  15:33  Hydralisk x5  
  126  15:34  Hydralisk x3  
  142  16:05  Hatchery  
Tags
 
Add a new tag
Caveats
  • Supply blocks, unpowered buildings, or Contaminate may cause inaccurate times.
  • Supply counts are checked every 10 seconds.